 Dungeon Crawl Stone Soup version 0.31-a0-164-g2312942fda (webtiles) character file.

Game seed: 5047523088599983226

152863 Shayle the Thaumaturge (level 17, -7/125 HPs)
             Began as a Demonspawn Conjurer on Feb 17, 2023.
             Was the Champion of Vehumet.
             Mangled by a demonic crawler (10 damage)
             ... on level 3 of the Spider Nest on June 13, 2023.
             The game lasted 04:03:11 (38610 turns).

Shayle the Thaumaturge (Demonspawn Conjurer)       Turns: 38610, Time: 04:03:12

Health: -7/125     AC: 24    Str: 10 (11) XL:     17   Next: 3%
Magic:  29/32      EV: 15    Int: 25 (28) God:    Vehumet [******]
Gold:   1794       SH:  5    Dex: 11 (14) Spells: 3/39 levels left

rFire   . . .        y - +5 dire flail "Mysa" {heavy, Str+3 SInv}
rCold   . . .        (shield currently unavailable)
rNeg    . . .        R - +2 troll leather armour
rPois   .            U - +2 helmet {Int+3}
rElec   .            M - +2 cloak
rCorr   +            c - +2 pair of gloves
SInv    +            u - +2 pair of boots
Will    +....        e - amulet of reflection
Stlth   ++           s - +4 ring of slaying
HPRegen 1.20/turn    E - ring of resist corrosion
MPRegen 0.23/turn

%: reflection
@: slowed, very slow
A: ignite blood 2, spiny 1, sharp scales 3
a: Renounce Religion


You were on level 3 of the Spider Nest.
You worshipped Vehumet.
Vehumet was exalted by your worship.
You visited 6 branches of the dungeon, and saw 27 of its levels.
You also visited: Bailey.

You collected 2282 gold pieces.
You spent 488 gold pieces at shops.

Inventory:

Hand Weapons
 d - a +3 scimitar of flaming
 r - the +1 broad axe "Xeoqyej" {drain, rC+ Str+2 Stlth-}
   (You found it on level 13 of the Dungeon)

   Str:       It affects your strength (+2).
   rC:        It protects you from cold.
   Stlth:     It makes you less stealthy.
 y - the +5 dire flail "Mysa" (weapon) {heavy, Str+3 SInv}
   (You found it on level 2 of the Spider Nest)

   Str:       It affects your strength (+3).
   SInv:      It lets you see invisible.
 H - the +1 falchion of Armageddon {flame, rElec rPois Will+ Dex-2}
   (You found it on level 7 of the Dungeon)

   Dex:       It affects your dexterity (-2).
   rElec:     It insulates you from electricity.
   rPois:     It protects you from poison.
   Will:      It increases your willpower.
 Z - a +0 heavy quick blade
Missiles
 b - 36 poisoned darts
 A - 4 curare-tipped darts
 I - 10 atropa-tipped darts (quivered)
Armour
 c - a +2 pair of gloves (worn)
 k - a +2 robe of resistance
 u - a +2 pair of boots (worn)
 z - a +2 robe of willpower
 G - a +0 buckler
 M - a +2 cloak (worn)
 R - a +2 troll leather armour (worn)
 U - a +2 helmet of intelligence (worn)
Jewellery
 a - an amulet of the acrobat
 e - an amulet of reflection (around neck)
 s - a +4 ring of slaying (left hand)
 E - a ring of resist corrosion (right hand)
 S - an amulet of magic regeneration
Wands
 g - a wand of iceblast (9)
 l - a wand of mindburst (8)
 L - a wand of polymorph (28)
 Q - a wand of charming (7)
 T - a wand of flame (22)
Scrolls
 f - 2 scrolls of teleportation
 i - 3 scrolls of immolation
 m - 2 scrolls of amnesia
 n - 3 scrolls of fear
 v - 6 scrolls of fog
 w - 2 scrolls of poison
 C - 2 scrolls of enchant weapon
 F - 6 scrolls of vulnerability
 K - a scroll of silence
 N - a scroll of revelation
 V - a scroll of blinking
 X - 2 scrolls of identify
Potions
 h - 2 potions of attraction
 o - 5 potions of haste
 p - 8 potions of curing
 x - 3 potions of cancellation
 D - 4 potions of enlightenment
 O - 3 potions of mutation
 P - 2 potions of lignification
 W - a potion of brilliance
 Y - a potion of resistance
Miscellaneous
 t - a condenser vane (inert)


   Skills:
 - Level 9.0 Fighting
 + Level 8.7 Armour
 - Level 11.5 Dodging
 - Level 3.0 Stealth
 - Level 11.7 Spellcasting
 - Level 11.6 Conjurations
 - Level 5.0 Hexes
 + Level 8.1 Necromancy
 - Level 7.3 Translocations
 - Level 9.7 Fire Magic
 - Level 5.9 Ice Magic
 - Level 5.9 Air Magic
 + Level 6.7 Earth Magic
 - Level 5.8 Evocations


You had 3 spell levels left.
You knew the following spells:

 Your Spells              Type           Power      Damage    Failure   Level
a - Magic Dart            Conj           100%       1d8       1%          1
b - Searing Ray           Conj           100%       2d8       1%          2
c - Dazzling Flash        Conj/Hex       100%       N/A       1%          3
d - Fulminant Prism       Conj/Hex       27%        3d13      1%          4
e - Iskenderun's Mystic   Conj/Tloc      58%        2d12      1%          4
f - Volatile Blastmotes   Fire/Tloc      100%       2d18      1%          3
g - Flame Wave            Conj/Fire      61%        2d14      1%          4
h - Freezing Cloud        Conj/Ice/Air   26%        6-21      1%          5
i - Irradiate             Conj/Tmut      21%        3d18      4%          5
j - Borgnjor's Vile Clut  Necr/Erth      25%        N/A       7%          5

Your spell library contained the following spells:

 Spells                   Type           Power      Damage    Failure   Level
 Yara's Violent Unravell  Hex/Tmut       13%        3d7       13%         5
 Poisonous Vapours        Pois/Air       58%        N/A       1%          2
 Sublimation of Blood     Necr           53%        N/A       1%          2
 Gell's Gravitas          Tloc           51%        N/A       1%          3
 Inner Flame              Hex/Fire       51%        N/A       1%          3
 Teleport Other           Tloc           51%        N/A       1%          3
 Beastly Appendage        Tmut           28%        N/A       5%          1
 Sting                    Tmut/Pois      56%        1d5       5%          1
 Wereblood                Tmut           14%        N/A       8%          2
 Spider Form              Tmut/Pois      14%        N/A       16%         3
 Sticky Flame             Conj/Fire      61%        2d8       1%          4
 Lee's Rapid Deconstruct  Erth           24%        3d13*     2%          5
 Starburst                Conj/Fire      30%        6d9       2%          6
 Agony                    Necr           53%        N/A       5%          5
 Animate Armour           Summ/Erth      62%        N/A       13%         4
 Olgreb's Toxic Radiance  Pois           14%        N/A       13%         4
 Summon Lightning Spire   Summ/Air       29%        N/A       16%         4
 Silence                  Hex/Air        21%        N/A       16%         5
 Dispersal                Tloc           25%        N/A       36%         6
 Alistair's Intoxication  Tmut/Pois      9%         N/A       82%         5
 Blade Hands              Tmut           7%         N/A       82%         5
 Eringya's Noxious Bog    Tmut/Pois      7%         N/A       86%         6
 Maxwell's Capacitive Co  Air            22%        ∞         99%         8
 Storm Form               Tmut/Air       14%        N/A       100%        7
 Summon Hydra             Summ           7%         N/A       100%        7


Dungeon Overview and Level Annotations

Branches:
Dungeon (15/15)            Temple (1/1) D:7            Lair (5/5) D:9
 Shoals (1/4) Lair:3       Spider (3/4) Lair:2        Slime (0/5) Lair:5
    Orc (2/2) D:10            Elf (0/3) Orc:2        Vaults (0/5) D:13
 Depths (0/4) D:15         Bailey (visited)

Altars:
Cheibriados
Dithmenos
Fedhas
Gozag
Hepliaklqana
Kikubaaqudgha
Makhleb
Nemelex Xobeh
Okawaru
Sif Muna
Trog
Uskayaw
Vehumet
Wu Jian
Xom
Yredelemnul
Jiyva

Shops:
D:4 *[   D:11 ?   D:12 :   Orc:2 (:[*

Portals:
Trove: D:11 (give 16 scrolls of teleportation)

Annotations:
D:2 Robin
D:6 2 runed translucent doors, superbruh's ghost, novice MiFi
D:15 Jorgrun; Roxanne


Innate Abilities, Weirdness & Mutations

Your demonic aura often causes spilled blood to erupt in flames.
You are partially covered in sharp spines.
You are completely covered in razor-sharp scales. (AC +3, Slay +3)


Message History

The wolf spider is struck by your spines.
The wolf spider hits you but does no damage.
The wolf spider bites you but does no damage.
The demonic crawler is engulfed in freezing vapours.
The wolf spider is engulfed in freezing vapours.
The wolf spider is struck by your spines.
The wolf spider hits you but does no damage.
The wolf spider completely misses you.
The wolf spider is engulfed in freezing vapours.
You kill the wolf spider!
Vehumet accepts your kill.
The demonic crawler is engulfed in freezing vapours.
The demonic crawler closely misses you. You block the demonic crawler's attack.
The demonic crawler hits you but does no damage.
The torpor snail is engulfed in freezing vapours.
The wolf spider is engulfed in freezing vapours.
You kill the wolf spider!
Vehumet accepts your kill.
You feel your power returning.
You feel your dexterity returning.
Unknown command.
Casting: Freezing Cloud (mildly dangerous; 1% risk of failure)
Confirm with . or Enter, or press ? or * to list all spells.
You erupt in a blast of force!
The mystic blast hits the torpor snail!
The torpor snail is almost dead.
The torpor snail is knocked back by the mystic blast.
The mystic blast hits the demonic crawler!
The demonic crawler is moderately wounded.
The demonic crawler is knocked back by the mystic blast.
The demonic crawler slams into the rock wall!
You hear a shout!
The demonic crawler is engulfed in freezing vapours.
The demonic crawler misses you. The demonic crawler barely misses you.
The demonic crawler hits you!
* * * LOW HITPOINT WARNING * * *
The demonic crawler is engulfed in freezing vapours.
The demonic crawler hits you!
* * * LOW HITPOINT WARNING * * *
The demonic crawler hits you!
You die...

.....$..................
......^.................
........................
.......................
..............§.w......
..............#§§.#^..
...........w..#§§§#
.............##§§s#
<..........#####@##
..........##~≈##~#
..........##≈≈≈#~##
..........# #≈≈...#
..........# ###~^~#
.........##
###~.~######≈≈≈ .......^
###.'.~~'..~~..≈#
.......#
##~..'~~~'^~~~~.##
##~.^##.~.#####~~.#


You could see a torpor snail and a demonic crawler.

Vanquished Creatures
  Saint Roka (Orc:2)
  Rupert (Lair:3)
  A ghost moth (Spider:3)
  3 emperor scorpions (Spider:3)
  2 broodmothers (Spider:1)
  Nessos (D:12)
  A spark wasp (Spider:1)
  Josephine (D:9)
  Snorg (Orc:1)
  A fire dragon (D:13)
  2 entropy weavers
  A rakshasa (D:15)
  An ogre mage (Orc:2)
  4 centaur warriors
  A radroach (Spider:2)
  7 hydras
  A death knight (D:14)
  2 jorogumos (Spider:2)
  8 boulder beetles
  Erica (D:10)
  9 two-headed ogres
  A demonic crawler (Spider:1)
  Urug (Lair:3)
  A death scarab (Spider:1)
  5 death yaks (Lair:2)
  2 tengu warriors
  2 orc high priests
  2 skysharks
  6 skeletal warriors
  Nergalle (D:10)
  6 pharaoh ants
  A goliath frog (Lair:5)
  An orb spider (Spider:3)
  A glowing orange brain (D:15)
  5 steelbarb worms (Spider:2)
  A necromancer (D:13)
  3 harpies (Shoals:1)
  Pikel (D:5)
  7 orc knights
  13 wolf spiders
  5 deep elf pyromancers
  7 orc sorcerers
  2 moths of wrath (Spider:2)
  2 manticores
  2 cyclopes
  14 elephants
  A centaur zombie (D:13)
  An ice statue (D:13)
  7 ugly things
  4 black mambas
  A water nymph (shapeshifter) (D:15)
  2 merfolk sirens
  21 cane toads
  4 torpor snails
  Psyche (D:10)
  2 gargoyles (D:12)
  9 rime drakes
  5 komodo dragons
  A freezing wraith (D:14)
  2 tengu conjurers
  An efreet (D:15)
  2 polar bears
  3 tyrant leeches (Lair:5)
  19 tarantellas
  12 trolls
  8 hornets
  Grinder (D:4)
  23 blink frogs
  6 dream sheep (Lair:5)
  A meliai zombie (D:13)
  10 slime creatures
  Sigmund (D:5)
  21 jumping spiders
  2 shadows (D:12)
  78 yaks
  20 culicivoras
  A spriggan (shapeshifter) (D:13)
  7 wraiths
  4 water elementals (Shoals:1)
  8 wyverns
  3 basilisks
  2 vampires
  33 redbacks
  17 vampire mosquitoes
  2 steam dragons
  Menkaure (D:4)
  2 acid dragons
  4 wargs
  Edmund (D:4)
  19 water moccasins
  Duvessa (D:4)
  32 orc warriors
  A meliai simulacrum (D:14)
  An ice beast (D:5)
  2 black bears
  9 ogres
  8 centaurs
  9 wolves
  2 phantoms
  4 lemures (D:5)
  5 kobold brigands
  A gnoll sergeant (D:5)
  19 bullfrogs
  6 scorpions
  3 wights
  Dowan (D:4)
  8 killer bees
  A vampire bat (Lair:3)
  10 howler monkeys
  2 electric eels
  A quasit (D:5)
  24 orc priests
  Crazy Yiuf (D:3)
  A hound (D:5)
  3 jellies
  An iguana (D:5)
  26 orc wizards
  Ijyb (D:5)
  4 hell rats
  8 gnolls
  7 adders
  4 shadow imps
  4 white imps
  3 ufetubi
  2 worms
  5 dart slugs
  68 orcs
  5 endoplasms
  3 giant cockroaches
  14 goblins
  11 hobgoblins
  18 jackals
  16 kobolds
  3 quokkas
  7 ball pythons
  14 bats
  11 frilled lizards
  9 rats
914 creatures vanquished.

Vanquished Creatures (collateral kills)
  3 hornets (Spider:3)
  A jumping spider (Spider:3)
  A scorpion (Spider:3)
  An orc priest (D:9)
  An orc (Orc:2)
7 creatures vanquished.

Vanquished Creatures (others)
  A harpy (Shoals:1)
  A manticore (Shoals:1)
  2 orc warriors (Orc:2)
  An ogre (D:15)
  An orc priest (D:9)
  225 fulminant prisms
231 creatures vanquished.

Grand Total: 1152 creatures vanquished

Notes
Turn   | Place    | Note
-------+----------+-------------------------------------------
     0 | D:1      | Shayle the Demonspawn Conjurer began the quest for the Orb.
     0 | D:1      | Reached XP level 1. HP: 13/13 MP: 3/3
    98 | D:1      | Upgraded the game from 0.30-a0-779-g7971cf19c3 to
                  | 0.31-a0-161-gb58dd9be76
   214 | D:1      | Gained mutation: You are partially covered in razor-sharp
                  | scales. (AC +1, Slay +1) [demonic ancestry]
   214 | D:1      | Reached XP level 2. HP: 20/20 MP: 1/5
   498 | D:1      | Learned a level 2 spell: Searing Ray
   569 | D:1      | Reached skill level 1 in Fighting
   666 | D:1      | Reached XP level 3. HP: 26/26 MP: 4/6
   670 | D:1      | Learned a level 3 spell: Dazzling Flash
  1190 | D:2      | Noticed Robin
  1682 | D:2      | Found a faded altar of an unknown god.
  1750 | D:2      | Reached XP level 4. HP: 30/32 MP: 4/7
  2319 | D:3      | Gained mutation: You are mostly covered in razor-sharp
                  | scales. (AC +2, Slay +2) [demonic ancestry]
  2319 | D:3      | Reached XP level 5. HP: 20/38 MP: 0/9
  3120 | D:3      | Noticed an ogre
  3128 | D:3      | Learned a level 4 spell: Fulminant Prism
  3137 | D:3      | Killed an ogre
  3138 | D:3      | Gained mutation: You are partially covered in sharp spines.
                  | [demonic ancestry]
  3138 | D:3      | Reached XP level 6. HP: 10/46 MP: 2/10
  3347 | D:3      | Found a runed translucent door.
  3348 | D:3      | Noticed Crazy Yiuf
  3513 | D:4      | Reached skill level 1 in Hexes
  3645 | D:4      | Reached skill level 5 in Conjurations
  3737 | D:4      | Noticed Duvessa
  3752 | D:4      | Noticed Grinder
  3752 | D:4      | Noticed Dowan
  3764 | D:5      | Entered Level 5 of the Dungeon
  3875 | D:5      | Noticed Sigmund
  3886 | D:5      | Killed Sigmund
  3887 | D:5      | Gained mutation: You are completely covered in razor-sharp
                  | scales. (AC +3, Slay +3) [demonic ancestry]
  3887 | D:5      | Reached XP level 7. HP: 30/52 MP: 12/12
  4392 | D:5      | Learned a level 4 spell: Iskenderun's Mystic Blast
  4448 | D:5      | Gained mutation: Your demonic aura sometimes causes spilled
                  | blood to erupt in flames. [demonic ancestry]
  4448 | D:5      | Reached XP level 8. HP: 60/60 MP: 5/14
  4543 | D:5      | Noticed Ijyb
  4688 | D:5      | Killed Ijyb
  4898 | D:5      | Reached skill level 1 in Translocations
  5215 | D:5      | Noticed Pikel
  5227 | D:5      | Killed Pikel
  5578 | D:5      | Reached skill level 5 in Dodging
  5735 | D:4      | Killed Duvessa
  5736 | D:4      | Reached skill level 5 in Fighting
  5743 | D:4      | Killed Dowan
  5744 | D:4      | Reached XP level 9. HP: 25/68 MP: 3/15
  5987 | D:4      | Found Cail Awe's Overcharged Wands.
  6010 | D:4      | Noticed Menkaure
  6190 | D:4      | Paralysed by Grinder for 2 turns
  6192 | D:4      | Killed Grinder
  6199 | D:4      | Noticed Edmund
  6323 | D:4      | Killed Menkaure
  6413 | D:4      | Killed Edmund
  6519 | D:4      | Found Fisequk's Armour Shoppe.
  6822 | D:6      | Found a sparkling altar of Nemelex Xobeh.
  7004 | D:6      | Reached skill level 5 in Hexes
  7822 | D:6      | Found a runed translucent door.
  7825 | D:6      | Noticed superbruh's ghost (novice MiFi)
  7929 | D:6      | Found a runed translucent door.
  8075 | D:7      | Found a staircase to the Ecumenical Temple.
  8143 | D:7      | Found a flagged portal.
  8145 | D:7      | Identified the +1 falchion of Armageddon {flame, rElec
                  | rPois Will+ Dex-2}
  8158 | Bailey   | Entered a bailey
  8248 | Bailey   | Noticed an orc knight
  8260 | Bailey   | Killed an orc knight
  8261 | Bailey   | Reached XP level 10. HP: 43/77 MP: 1/16
  8263 | Bailey   | Found a burning altar of Makhleb.
  9549 | D:8      | Reached skill level 5 in Translocations
 10019 | D:3      | Killed Crazy Yiuf
 10223 | D:8      | Noticed a two-headed ogre
 10237 | D:8      | Killed a two-headed ogre
 11037 | D:10     | Entered Level 10 of the Dungeon
 11195 | D:9      | Found a burning altar of Makhleb.
 11445 | Temple   | Entered the Ecumenical Temple
 11478 | Temple   | Became a worshipper of Vehumet
 11569 | D:9      | Gained mutation: Your demonic aura often causes spilled
                  | blood to erupt in flames. [demonic ancestry]
 11569 | D:9      | Reached XP level 11. HP: 86/86 MP: 8/17
 11861 | D:9      | Found a staircase to the Lair.
 12381 | D:9      | Noticed a two-headed ogre
 12388 | D:9      | Killed a two-headed ogre
 12514 | D:9      | Reached * piety under Vehumet
 12514 | D:9      | Offered knowledge of Freeze by Vehumet.
 12630 | D:10     | Found a staircase to the Orcish Mines.
 12674 | D:10     | Noticed Josephine
 12838 | D:10     | Noticed Psyche
 12874 | D:10     | Killed Psyche
 12975 | D:10     | Noticed a two-headed ogre
 12989 | D:10     | Killed a two-headed ogre
 13342 | D:10     | Noticed Erica
 13559 | Lair:1   | Entered Level 1 of the Lair of Beasts
 13829 | Lair:1   | Reached skill level 10 in Conjurations
 13933 | Lair:1   | Reached skill level 1 in Evocations
 14078 | Lair:1   | Noticed a boulder beetle
 14078 | Lair:1   | Reached ** piety under Vehumet
 14078 | Lair:1   | Offered knowledge of Kiss of Death by Vehumet.
 14118 | Lair:2   | Noticed a boulder beetle
 14312 | Lair:2   | Learned a level 3 spell: Volatile Blastmotes
 14465 | Lair:1   | Killed a boulder beetle
 14466 | Lair:1   | Reached XP level 12. HP: 93/95 MP: 1/19
 14593 | Lair:1   | Reached skill level 5 in Spellcasting
 15812 | Lair:2   | Noticed a six-headed hydra
 15852 | Lair:2   | Killed a six-headed hydra
 15853 | Lair:2   | Offered knowledge of Stone Arrow by Vehumet.
 15924 | Lair:2   | Killed a boulder beetle
 16089 | Lair:2   | Identified the +0 scale mail of Hopscotch {rF+ Int-2 SInv}
 16234 | Lair:2   | Found a hole to the Spider Nest.
 16364 | Lair:2   | Reached *** piety under Vehumet
 16369 | Lair:2   | Noticed a death yak
 16375 | Lair:2   | Noticed a death yak
 16377 | Lair:2   | Noticed a death yak
 16380 | Lair:2   | Noticed a death yak
 16380 | Lair:2   | Killed a death yak
 16382 | Lair:2   | Noticed a death yak
 16388 | Lair:2   | Killed a death yak
 16389 | Lair:2   | Reached skill level 5 in Evocations
 16393 | Lair:2   | Killed a death yak
 16398 | Lair:2   | Killed a death yak
 16399 | Lair:2   | Reached skill level 10 in Dodging
 16404 | Lair:2   | Killed a death yak
 17208 | Lair:3   | Reached XP level 13. HP: 80/101 MP: 5/23
 17211 | Lair:2   | Offered knowledge of Flame Wave by Vehumet.
 17391 | Lair:2   | Learned a level 4 spell: Flame Wave
 17559 | Lair:3   | Noticed Urug
 17623 | Lair:2   | Reached skill level 1 in Fire Magic
 17777 | Lair:3   | Killed Urug
 17777 | Lair:3   | Reached **** piety under Vehumet
 18120 | Lair:3   | Offered knowledge of Freezing Cloud by Vehumet.
 18143 | Lair:3   | Learned a level 5 spell: Freezing Cloud
 18262 | Lair:3   | Found a staircase to the Shoals.
 18493 | Lair:3   | Noticed Rupert
 19417 | Lair:3   | Killed Rupert
 20276 | Lair:5   | Entered Level 5 of the Lair of Beasts
 20608 | Lair:5   | Reached skill level 5 in Fire Magic
 20761 | Lair:5   | Reached ***** piety under Vehumet
 20761 | Lair:5   | Offered knowledge of Irradiate by Vehumet.
 20872 | Lair:5   | Reached XP level 14. HP: 92/108 MP: 17/27
 20956 | Lair:5   | Learned a level 5 spell: Irradiate
 21210 | Lair:5   | Found a viscous altar of Jiyva.
 21210 | Lair:5   | Found a staircase to the Slime Pits.
 21582 | Lair:5   | Reached skill level 10 in Spellcasting
 22051 | Lair:5   | Identified the +8 long sword of True Grit {antimagic, Str+4
                  | Int+4}
 22426 | Lair:5   | Offered knowledge of Arcjolt by Vehumet.
 22724 | Lair:5   | Found the +8 Wrath of Trog {antimagic, *Rage Rampage}
 23705 | D:10     | Noticed Nergalle
 23710 | D:10     | Killed Nergalle
 23749 | D:10     | Killed Erica
 24202 | Orc:1    | Entered Level 1 of the Orcish Mines
 24425 | Orc:1    | Paralysed by an orc sorcerer for 2 turns
 24579 | Orc:1    | Noticed Snorg
 24586 | Orc:1    | Killed Snorg
 25071 | Orc:2    | Entered Level 2 of the Orcish Mines
 25568 | Orc:2    | Noticed Saint Roka
 25754 | Orc:2    | Found a staircase to the Elven Halls.
 26077 | Orc:2    | Reached skill level 1 in Ice Magic
 26077 | Orc:2    | Reached skill level 1 in Air Magic
 26082 | Orc:2    | Reached XP level 15. HP: 61/113 MP: 19/30
 26085 | Orc:2    | Paralysed by an orc sorcerer for 2 turns
 26104 | Orc:2    | Killed Saint Roka
 26117 | Orc:2    | Paralysed by an orc sorcerer for 5 turns
 26514 | Orc:2    | Found Badiluow's Antique Weapon Shop.
 26531 | Orc:2    | Found Mucsiank's Book Shop.
 26580 | Orc:2    | Found Urphe's Antique Armour Shop.
 26631 | Orc:2    | Found Xamaam Woi's General Store.
 26955 | D:11     | Found Hevagim's Magic Scroll Shop.
 26962 | D:11     | Bought a scroll of teleportation for 48 gold pieces
 26962 | D:11     | Bought a scroll of enchant armour for 120 gold pieces
 26962 | D:11     | Bought 3 scrolls of fear for 192 gold pieces
 26962 | D:11     | Bought a scroll of identify for 32 gold pieces
 26962 | D:11     | Bought a scroll of identify for 32 gold pieces
 26962 | D:11     | Bought a scroll of fear for 64 gold pieces
 27004 | D:11     | Reached skill level 1 in Armour
 27146 | D:11     | Found a portal to a secret trove of treasure.
 27868 | D:12     | Found Zelot's Book Emporium.
 28629 | D:13     | Noticed Nessos
 28808 | D:12     | Killed Nessos
 29218 | D:13     | Offered knowledge of Spellforged Servitor by Vehumet.
 29989 | D:13     | Found a gate to the Vaults.
 30040 | D:13     | Reached skill level 5 in Ice Magic
 30040 | D:13     | Reached skill level 5 in Air Magic
 30152 | D:13     | Identified the +1 broad axe "Xeoqyej" {drain, rC+ Str+2
                  | Stlth-}
 31435 | D:14     | Found a sparkling altar of Nemelex Xobeh.
 32085 | D:15     | Entered Level 15 of the Dungeon
 32093 | D:15     | Reached skill level 5 in Armour
 32292 | D:15     | Identified Roxanne's Handbook of Experimentation
 32292 | D:15     | Noticed Roxanne
 32300 | D:15     | Learned a level 5 spell: Borgnjor's Vile Clutch
 32612 | D:15     | Reached skill level 1 in Necromancy
 32621 | D:15     | Reached skill level 1 in Earth Magic
 32817 | D:15     | Found a staircase to the Depths.
 32887 | D:15     | Reached XP level 16. HP: 120/120 MP: 29/31
 33289 | D:15     | Noticed Jorgrun
 33409 | D:9      | Killed Josephine
 33579 | Shoals:1 | Entered Level 1 of the Shoals
 33764 | Spider:1 | Entered Level 1 of the Spider Nest
 33850 | Spider:1 | You fall into a shaft and drop 1 floor!
 33856 | Spider:2 | Offered knowledge of Conjure Ball Lightning by Vehumet.
 34479 | Spider:1 | Reached skill level 5 in Necromancy
 34685 | Spider:1 | Reached ****** piety under Vehumet
 35842 | Spider:2 | Reached skill level 5 in Earth Magic
 35846 | Spider:2 | Offered knowledge of Leda's Unmaking by Vehumet.
 37471 | Spider:2 | Identified the +5 dire flail "Mysa" {heavy, Str+3 SInv}
 37839 | Spider:2 | Upgraded the game from 0.31-a0-161-gb58dd9be76 to
                  | 0.31-a0-164-g2312942fda
 38382 | Spider:3 | Offered knowledge of Yara's Violent Unravelling by Vehumet.
 38421 | Spider:3 | Reached XP level 17. HP: 49/125 MP: 1/32
 38610 | Spider:3 | HP: 3/125 [demonic crawler (13)]
 38610 | Spider:3 | Mangled by a demonic crawler

Illustrated notes

Levels and vault maps discovered:
D:1:      dpeg_arrival_water_fire, layout_rooms, minmay_lizard_pond
D:2:      layout_loops_corners, ebering_ecumenical_altar_hall, uniq_robin
D:3:      layout_basic, uniq_crazy_yiuf_cottage
D:4:      layout_rooms, serial_shops, nicolae_shop_statue_plus,
          nicolae_shop_overcharged_wands, uniq_edmund, uniq_grinder,
          uniq_menkaure, uniq_duvessa
D:5:      layout_cave_pods, serial_demonic, serial_demonic_f, serial_demonic_c,
          serial_demonic_d, serial_demonic_e, minmay_pentangle, uniq_sigmund,
          uniq_pikel, uniq_ijyb
D:6:      layout_basic, mainiacjoe_overflow_concentric_impassable,
          ebering_ghost_sewer_f
D:7:      layout_basic, minmay_temple_entry_wispy, enter_bailey_2
D:8:      layout_basic, chequers_decorated_corner
D:9:      kennysheep_six_static_rooms, layout_loops_ring,
          mainiacjoe_overflow_catwalk
D:10:     layout_loops_ring, orc_0_dummy, uniq_psyche, uniq_nergalle,
          uniq_erica, uniq_josephine
D:11:     layout_rooms, serial_shops, shop, trove_entry_hex_spiral
D:12:     layout_small_grid, serial_shops, shop
D:13:     layout_basic, david_vaults_4, serial_undead, serial_undead_b,
          serial_undead_b, serial_undead_e, serial_undead_c,
          minmay_statue_bubble, uniq_nessos
D:14:     layout_loops_ring, nemelex_xobeh_ov_fountains_minmay
D:15:     gammafunk_enter_depths_forms, layout_basic, bh_walls_and_bars,
          minivault_19, serial_bayou_lagoon_a, lemuel_nasty_fountain,
          uniq_jorgrun, uniq_roxanne
Temple:   nicolae_temple_bog_church
Lair:1:   layout_cave_pods, serial_bayou_shore_a, grunt_megastairs_1
Lair:2:   layout_cave_pods, hellmonk_spider_entry_life_and_decay,
          grunt_forest_large_clearings
Lair:3:   layout_loops_ring, minmay_shoals_entry_lonely_mermaid,
          roderic_batcave, serial_bayou_shore_b, uniq_rupert, uniq_urug
Lair:4:   layout_cave_pods, minmay_lair_drake_nest
Lair:5:   minmay_lair_end_frog_pond, layout_regular_city,
          dpeg_slime_entry_enclosed, lemuel_fruit_fields
Shoals:1: cheibrodos_shoals_baths, layout_shoals, uniq_donald
Spider:1: nicolae_spider_broodchamber, drop_trap, guppyfry_spider_mini_1
Spider:2: nicolae_spider_obnoxious_hallway
Spider:3: spiders_nest_scorpion_pit, nicolae_spider_nooks_and_crannies
Orc:1:    layout_caves, uniq_snorg
Orc:2:    grunt_orc_cross, layout_caves, nicolae_orc_pool_cavern

Skill      XL: |  1  2  3  4  5  6  7  8  9 10 11 12 13 14 15 16 17 |
---------------+----------------------------------------------------+-----
Stealth        | 2 3 |  3.0
Dodging        | 2 3 4 5 6 7 9 10 11 | 11.5
Fighting       | 1 2 3 5 6 7 9 |  9.0
Spellcasting   | 3 4 6 9 11 | 11.7
Hexes          | 2 3 4 5 |  5.0
Conjurations   | 5 6 7 9 10 11 | 11.6
Translocations | 2 4 6 7 |  7.3
Evocations     | 2 5 |  5.8
Fire Magic     | 5 9 |  9.7
Ice Magic      | 1 5 |  5.9
Air Magic      | 1 5 |  5.9
Armour         | 5 8 |  8.7
Necromancy     | 2 7 8 |  8.1
Earth Magic    | 1 6 |  6.7

Action                     |  1- 3 |  4- 6 |  7- 9 | 10-12 | 13-15 | 16-18 || total
---------------------------+-------+-------+-------+-------+-------+-------++-------
  Melee: Unarmed           |    33 |       |       |       |       |       ||    33
         Dagger            |     4 |    49 |    66 |   229 |   263 |       ||   611
         Punch             |       |       |     2 |     5 |     5 |       ||    12
         Falchion          |       |       |     3 |       |       |   114 ||   117
         Broad axe         |       |       |       |       |    52 |    29 ||    81
         Quick blade       |       |       |       |       |       |    10 ||    10
         Dire flail        |       |       |       |       |       |     3 ||     3
  Throw: Dart              |       |       |     1 |     9 |     3 |       ||    13
   Cast: Magic Dart        |    66 |    19 |    21 |     4 |       |       ||   110
         Searing Ray       |     3 |    19 |    20 |    13 |     4 |     2 ||    61
         Fulminant Prism   |       |     1 |    48 |   121 |    55 |       ||   225
         Iskenderun's Myst |       |       |     5 |    42 |   157 |    62 ||   266
         Volatile Blastmot |       |       |       |     2 |     2 |       ||     4
         Dazzling Flash    |       |       |       |     1 |     1 |       ||     2
         Freezing Cloud    |       |       |       |       |   248 |    87 ||   335
         Flame Wave        |       |       |       |       |     8 |       ||     8
         Borgnjor's Vile C |       |       |       |       |       |    67 ||    67
         Irradiate         |       |       |       |       |       |     3 ||     3
  Evoke: Wand              |       |       |     9 |     8 |    10 |     2 ||    29
         Condenser vane    |       |       |       |       |     2 |     1 ||     3
    Use: Potion            |     1 |     2 |     3 |     4 |     5 |     8 ||    23
         Scroll            |       |     5 |     3 |    16 |    22 |     9 ||    55
   Stab: Sleeping          |     1 |     1 |     2 |     1 |     2 |     1 ||     8
         Invisible         |       |       |       |       |     2 |       ||     2
 Armour: Robe              |     7 |    17 |    24 |     3 |       |       ||    51
         Troll leather arm |       |       |       |    45 |   154 |   154 ||   353
         Skin              |       |       |       |       |       |    63 ||    63
  Dodge: Dodged            |    35 |    33 |    47 |   158 |   258 |   216 ||   747
  Block: Other             |     9 |    10 |    23 |    72 |    95 |    77 ||   286
         Reflection        |       |       |     5 |     5 |     6 |     1 ||    17

Table legend: (Time is in decaauts)
 A = Elapsed time spent in this place.
 B = Non-inter-level travel time spent in this place.
 C = Inter-level travel time spent in this place.
 D = Time resting spent in this place.
 E = Time spent auto-exploring this place.
 F = Levels seen in this place.
 G = Mean time per level.
                   A        B        C        D        E       F      G
               +--------+--------+--------+--------+--------+-----+--------+
         Total |  38937 |  37245 |   1692 |  13652 |  15317 |  28 | 1390.6 |
       Dungeon |  20701 |  19614 |   1087 |   6439 |   8924 |  15 | 1380.1 |
        Temple |     76 |     76 |      0 |      0 |      0 |   1 |   76.0 |
          Lair |  10202 |   9717 |    485 |   3404 |   4560 |   5 | 2040.4 |
        Shoals |     13 |     13 |      0 |      0 |      0 |   1 |   13.0 |
   Spider Nest |   4965 |   4928 |     37 |   2657 |   1032 |   3 | 1655.0 |
  Orcish Mines |   2456 |   2375 |     81 |    968 |    800 |   2 | 1228.0 |
        Bailey |    522 |    522 |      0 |    184 |      0 |   1 |  522.0 |
               +--------+--------+--------+--------+--------+-----+--------+

Top non-repeatable levels by time:
  Lair:5: 3077 daAuts
Spider:1: 2502 daAuts
  Lair:2: 2358 daAuts
     D:5: 2063 daAuts
  Lair:1: 2050 daAuts
     D:9: 1997 daAuts
    D:13: 1833 daAuts
    D:10: 1674 daAuts
Spider:2: 1660 daAuts
    D:12: 1606 daAuts
   Orc:2: 1573 daAuts
     D:3: 1533 daAuts
  Lair:3: 1511 daAuts
    D:14: 1296 daAuts
     D:2: 1275 daAuts
